MID
HARTFORD YARD GOATS @ PEORIA CHIEFS
06/06/2044
 
TOP OF THE 1ST
Hartford Yard Goats batting - Pitching for Peoria Chiefs : RHP El-Shamy Saami
Pitching: RHP El-Shamy Saami
Batting: SHB Eddie Quinones 0-0: Ball
1-0: Ball
2-0: Swinging Strike
2-1: Ball
3-1: Swinging Strike
3-2: SINGLE (Line Drive, 56D, EV 99.4 MPH)
Batting: SHB Pete Perla 0-0: Ball
1-0: Called Strike
1-1: Ball
2-1: Foul Ball, location: 2F
2-2: Ball
3-2: Strikes out swinging
Eddie Quinones steals 2nd base
Batter strikes out.
Batting: LHB Jeremy Brammer 0-0: Ball
1-0: Swinging Strike
1-1: Foul Ball, location: 2F
1-2: Ball
2-2: Strikes out swinging
Batting: SHB In-sung Lee 0-0: Ball
1-0: Ball
2-0: Foul Ball, location: 2F
2-1: Foul Ball, location: 2F
2-2: Ball
3-2: Foul Ball, location: 2F
3-2: Strikes out looking
Top of the 1st over - 0 runs, 1 hit, 0 errors, 1 left on base; Hartford 0 - Peoria 0
BOTTOM OF THE 1ST
Peoria Chiefs batting - Pitching for Hartford Yard Goats : RHP Gabe Stokes
Pitching: RHP Gabe Stokes
Batting: LHB Jay Fenderson 0-0: Ground out 4-3 (Groundball, 4, EV 90.0 MPH)
Batting: RHB Jorge Benites 0-0: Ball
1-0: Ball
2-0: Ball
3-0: Called Strike
3-1: Called Strike
3-2: Strikes out swinging
Batting: RHB Terry Baginski 0-0: Ball
1-0: Called Strike
1-1: Fly out, F8 (Line Drive, 8RM, EV 89.4 MPH)
Bottom of the 1st over - 0 runs, 0 hits, 0 errors, 0 left on base; Hartford 0 - Peoria 0
TOP OF THE 2ND
Hartford Yard Goats batting - Pitching for Peoria Chiefs : RHP El-Shamy Saami
Batting: RHB Justin Williams 0-0: Ball
1-0: Fly out, F9 (Flyball, 9S, EV 97.5 MPH)
Batting: RHB Kian-tat Chen 0-0: Ball
1-0: Foul Ball, location: 2F
1-1: Ball
2-1: Foul Ball, location: 2F
2-2: Ball
3-2: Fly out, F4 (Popup, 4S, EV 84.4 MPH)
Batting: RHB Eric Delgado 0-0: Foul Ball, location: 2F
0-1: Ball
1-1: Swinging Strike
1-2: Strikes out looking
Top of the 2nd over - 0 runs, 0 hits, 0 errors, 0 left on base; Hartford 0 - Peoria 0
BOTTOM OF THE 2ND
Peoria Chiefs batting - Pitching for Hartford Yard Goats : RHP Gabe Stokes
Batting: RHB Dan Boykins 0-0: Swinging Strike
0-1: Foul Ball, location: 2F
0-2: Fly out, F9 (Flyball, 9, EV 88.1 MPH)
Batting: RHB Travis Leonard 0-0: Ball
1-0: Called Strike
1-1: Foul Ball, location: 2F
1-2: Ball
2-2: Ball
3-2: Foul Ball, location: 2F
3-2: Foul Ball, location: 2F
3-2: Foul Ball, location: 2F
3-2: Foul Ball, location: 2F
3-2: TRIPLE (Flyball, 78XD, EV 100.6 MPH)
Batting: SHB Bobby O'Leary 0-0: Ball
1-0: Called Strike
1-1: Foul Ball, location: 2F
1-2: Ball
2-2: Ball
3-2: Foul Ball, location: 2F
3-2: Foul Ball, location: 2F
3-2: Strikes out swinging
Batting: RHB Josh Martin 0-0: Called Strike
0-1: Ball
1-1: Swinging Strike
1-2: Ball
2-2: Strikes out swinging
Bottom of the 2nd over - 0 runs, 1 hit, 0 errors, 1 left on base; Hartford 0 - Peoria 0
TOP OF THE 3RD
Hartford Yard Goats batting - Pitching for Peoria Chiefs : RHP El-Shamy Saami
Batting: RHB Steve Waltenbery 0-0: Called Strike
0-1: Foul Ball, location: 2F
0-2: Strikes out swinging
Batting: LHB Mick Knopp 0-0: Ball
1-0: Ball
2-0: Foul Ball, location: 2F
2-1: Ground out 4-3 (Groundball, 4, EV 97.5 MPH)
Batting: SHB Eddie Quinones 0-0: Ball
1-0: SINGLE (Line Drive, 7S, EV 86.3 MPH)
Batting: SHB Pete Perla 0-0: Called Strike
0-1: Ball
Eddie Quinones steals 2nd base
1-1: Foul Ball, location: 2F
1-2: Foul Ball, location: 2F
1-2: Ball
2-2: Foul Ball, location: 2F
2-2: Foul Ball, location: 2F
2-2: Strikes out swinging
Top of the 3rd over - 0 runs, 1 hit, 0 errors, 1 left on base; Hartford 0 - Peoria 0
BOTTOM OF THE 3RD
Peoria Chiefs batting - Pitching for Hartford Yard Goats : RHP Gabe Stokes
Batting: RHB Javier Ochoa 0-0: Ball
1-0: Ball
2-0: Foul Ball, location: 2F
2-1: Called Strike
2-2: Ground out 3-1 (Groundball, 34S, EV 78.8 MPH)
Batting: RHB Chris Simmons 0-0: Foul Ball, location: 2F
0-1: Called Strike
0-2: Ball
1-2: Ball
2-2: Ground out 6-3 (Groundball, 6, EV 85.6 MPH)
Batting: LHB Jay Fenderson 0-0: Swinging Strike
0-1: Ball
1-1: Ground out 6-3 (Groundball, 6, EV 106.9 MPH)
Bottom of the 3rd over - 0 runs, 0 hits, 0 errors, 0 left on base; Hartford 0 - Peoria 0
TOP OF THE 4TH
Hartford Yard Goats batting - Pitching for Peoria Chiefs : RHP El-Shamy Saami
Batting: LHB Jeremy Brammer 0-0: Called Strike
0-1: Called Strike
0-2: Strikes out looking
Batting: SHB In-sung Lee 0-0: Ball
1-0: Called Strike
1-1: Ball
2-1: Swinging Strike
2-2: Strikes out looking
Batting: RHB Justin Williams 0-0: Swinging Strike
0-1: Ball
1-1: Foul Ball, location: 2F
1-2: Ball
2-2: Fly out, F6 (Popup, 6MD, EV 67.5 MPH)
Top of the 4th over - 0 runs, 0 hits, 0 errors, 0 left on base; Hartford 0 - Peoria 0
BOTTOM OF THE 4TH
Peoria Chiefs batting - Pitching for Hartford Yard Goats : RHP Gabe Stokes
Batting: RHB Jorge Benites 0-0: Called Strike
0-1: Ball
1-1: Foul Ball, location: 2F
1-2: Ball
2-2: Ground out 5-3 (Groundball, 56S, EV 88.8 MPH)
Batting: RHB Terry Baginski 0-0: Swinging Strike
0-1: Called Strike
0-2: Ball
1-2: Ball
2-2: Foul Ball, location: 2F
2-2: Reached on error, E5 (Groundball, 56S, EV 86.3 MPH)
Batting: RHB Dan Boykins 0-0: Ball
Terry Baginski steals 2nd, throwing error, E2
Terry Baginski to third
1-0: Fly out, F8 (Line Drive, 8RD, EV 89.4 MPH)
Runner from 3rd tags up, OUT at HOME! 8-2
Bottom of the 4th over - 0 runs, 0 hits, 2 errors, 0 left on base; Hartford 0 - Peoria 0
TOP OF THE 5TH
Hartford Yard Goats batting - Pitching for Peoria Chiefs : RHP El-Shamy Saami
Batting: RHB Kian-tat Chen 0-0: Ground out 6-3 (Groundball, 6, EV 86.3 MPH)
Batting: RHB Eric Delgado 0-0: Swinging Strike
0-1: Ground out 6-3 (Groundball, 56, EV 104.4 MPH)
Batting: RHB Steve Waltenbery 0-0: Ball
1-0: Ball
2-0: Called Strike
2-1: Ball
3-1: Foul Ball, location: 2F
3-2: Base on Balls
Pitching: RHP Jason Inman
Batting: LHB Mick Knopp 0-0: Ball
1-0: Ball
2-0: Called Strike
2-1: Ball
3-1: Reached on error, E4 (Groundball, 4, EV 79.4 MPH)
Steve Waltenbery to third
Batting: SHB Eddie Quinones 0-0: Intentional Walk
Batting: SHB Pete Perla 0-0: Called Strike
0-1: Ball
1-1: Ball
2-1: Ball
3-1: Foul Ball, location: 2F
3-2: SINGLE (Groundball, 34D, EV 98.8 MPH)
Steve Waltenbery scores
Mick Knopp to third
Eddie Quinones to second
Mick Knopp scores
Eddie Quinones to third
Batting: LHB Jeremy Brammer 0-0: Ball
1-0: Ball
2-0: DOUBLE (Line Drive, 9LS, EV 98.1 MPH)
Eddie Quinones scores
Pete Perla to third
Runner from 3rd tries for Home, SAFE, throw by RF to home
Pitching: RHP Asao Saito
Batting: SHB In-sung Lee 0-0: Ball
1-0: Ball
2-0: Called Strike
2-1: Ball
3-1: Base on Balls
Batting: RHB Justin Williams 0-0: Ball
1-0: Ball
2-0: Called Strike
2-1: Called Strike
2-2: Foul Ball, location: 2F
2-2: Strikes out swinging
Top of the 5th over - 4 runs, 2 hits, 1 error, 2 left on base; Hartford 4 - Peoria 0
BOTTOM OF THE 5TH
Peoria Chiefs batting - Pitching for Hartford Yard Goats : RHP Gabe Stokes
Batting: RHB Travis Leonard 0-0: Called Strike
0-1: Fly out, F4 (Popup, 34D, EV 53.1 MPH)
Batting: SHB Bobby O'Leary 0-0: Called Strike
0-1: Called Strike
0-2: Ball
1-2: Strikes out swinging
Batting: RHB Josh Martin 0-0: Called Strike
0-1: Ball
1-1: Ball
2-1: Foul Ball, location: 2F
2-2: Foul Ball, location: 2F
2-2: Ball
3-2: Base on Balls
Batting: RHB Javier Ochoa 0-0: Called Strike
Josh Martin steals 2nd base
0-1: Fly out, F9 (Flyball, 9LS, EV 98.1 MPH)
Bottom of the 5th over - 0 runs, 0 hits, 0 errors, 1 left on base; Hartford 4 - Peoria 0
TOP OF THE 6TH
Hartford Yard Goats batting - Pitching for Peoria Chiefs : RHP Asao Saito
Batting: RHB Kian-tat Chen 0-0: Foul Ball, location: 2F
0-1: Ball
1-1: Swinging Strike
1-2: Ball
2-2: Foul Ball, location: 2F
2-2: Foul Ball, location: 2F
2-2: Strikes out swinging
Batting: RHB Eric Delgado 0-0: Ground out 6-3 (Groundball, 56D, EV 104.4 MPH)
Batting: RHB Steve Waltenbery 0-0: Ball
1-0: Foul Ball, location: 2F
1-1: Ball
2-1: Foul Ball, location: 2F
2-2: Ball
3-2: Foul Ball, location: 2F
3-2: SINGLE (Flyball, 78S, EV 93.8 MPH)
Pitching: RHP Eric Glad
Batting: LHB Mick Knopp 0-0: Fly out, F7 (Flyball, 7S, EV 96.3 MPH)
Top of the 6th over - 0 runs, 1 hit, 0 errors, 1 left on base; Hartford 4 - Peoria 0
BOTTOM OF THE 6TH
Peoria Chiefs batting - Pitching for Hartford Yard Goats : RHP Gabe Stokes
Batting: RHB Chris Simmons 0-0: Ground out 6-3 (Groundball, 6S, EV 70.0 MPH)
Batting: LHB Jay Fenderson 0-0: Called Strike
0-1: SINGLE (Line Drive, 89S, EV 99.4 MPH)
Pitching: RHP Joe Goodale
Batting: RHB Jorge Benites 0-0: Ball
1-0: Foul Ball, location: 2F
1-1: Foul Ball, location: 2F
1-2: Ball
2-2: Foul Ball, location: 2F
2-2: Strikes out looking
Batting: RHB Terry Baginski 0-0: Ball
Jay Fenderson steals 2nd base
1-0: Ball
2-0: Called Strike
2-1: Ball
3-1: Foul Ball, location: 2F
3-2: Foul Ball, location: 2F
3-2: Strikes out swinging
Bottom of the 6th over - 0 runs, 1 hit, 0 errors, 1 left on base; Hartford 4 - Peoria 0
TOP OF THE 7TH
Hartford Yard Goats batting - Pitching for Peoria Chiefs : RHP Eric Glad
Batting: SHB Eddie Quinones 0-0: Called Strike
0-1: DOUBLE (Line Drive, 7LS, EV 95.6 MPH)
Batting: SHB Pete Perla 0-0: Ground out 4-3 (Groundball, 4, EV 86.9 MPH)
Eddie Quinones to third
Batting: LHB Jeremy Brammer 0-0: Called Strike
0-1: DOUBLE (Flyball, 8RXD, EV 101.9 MPH)
Eddie Quinones scores
Batting: SHB In-sung Lee 0-0: Ball
1-0: Foul Ball, location: 2F
1-1: Foul Ball, location: 2F
1-2: Strikes out looking
Batting: RHB Justin Williams 0-0: Ball
1-0: Foul Ball, location: 2F
1-1: Ball
2-1: Foul Ball, location: 2F
2-2: Ball
3-2: Ground out 6-3 (Groundball, 6, EV 81.3 MPH)
Top of the 7th over - 1 run, 2 hits, 0 errors, 1 left on base; Hartford 5 - Peoria 0
BOTTOM OF THE 7TH
Peoria Chiefs batting - Pitching for Hartford Yard Goats : RHP Joe Goodale
Batting: RHB Dan Boykins 0-0: Called Strike
0-1: Swinging Strike
0-2: Ball
1-2: Strikes out swinging
Batting: RHB Travis Leonard 0-0: Ball
1-0: Foul Ball, location: 2F
1-1: Ball
2-1: Foul Ball, location: 2F
2-2: Ball
3-2: Foul Ball, location: 2F
3-2: Foul Ball, location: 2F
3-2: Ground out 4-3 (Groundball, 4, EV 80.0 MPH)
Pitching: LHP Ryan Morlan
Batting: SHB Bobby O'Leary 0-0: Fly out, F5 (Line Drive, 5, EV 67.5 MPH)
Bottom of the 7th over - 0 runs, 0 hits, 0 errors, 0 left on base; Hartford 5 - Peoria 0
TOP OF THE 8TH
Hartford Yard Goats batting - Pitching for Peoria Chiefs : RHP Eric Glad
Batting: RHB Kian-tat Chen 0-0: Called Strike
0-1: SOLO HOME RUN (Flyball, 9D, EV 96.3 MPH), Distance : 351 ft
Batting: RHB Eric Delgado 0-0: Swinging Strike
0-1: SINGLE (Flyball, 7S, EV 88.1 MPH)
Batting: RHB Steve Waltenbery 0-0: Foul Ball, location: 2F
0-1: Swinging Strike
0-2: Ball
1-2: Ball
2-2: Fielders Choice at 2nd, 5-4 (Groundball, 5, EV 99.4 MPH)
Batting: LHB Mick Knopp Balk!
Steve Waltenbery to second
0-0: Reached on error, E8 (Flyball, 8RXD, EV 95.0 MPH)
Steve Waltenbery scores
Batting: SHB Eddie Quinones 0-0: Foul Ball, location: 2F
0-1: Ball
1-1: Ball
2-1: Ball
3-1: Called Strike
3-2: Fly out, F8 (Flyball, 8LXD, EV 91.9 MPH)
Runner from 2nd tags up, SAFE at 3rd, no throw by CF
Batting: SHB Pete Perla 0-0: Called Strike
0-1: DOUBLE (Line Drive, 89XD, EV 106.9 MPH)
Mick Knopp scores
Batting: LHB Jeremy Brammer 0-0: Ball
1-0: Called Strike
1-1: Ball
2-1: Ball
3-1: Foul Ball, location: 2F
3-2: Strikes out swinging
Top of the 8th over - 3 runs, 3 hits, 1 error, 1 left on base; Hartford 8 - Peoria 0
BOTTOM OF THE 8TH
Peoria Chiefs batting - Pitching for Hartford Yard Goats : LHP Ryan Morlan
Batting: RHB Josh Martin 0-0: Foul Ball, location: 2F
0-1: SINGLE (Groundball, 34D, EV 94.4 MPH)
Batting: RHB Javier Ochoa 0-0: Ball
1-0: Swinging Strike
1-1: Swinging Strike
1-2: Foul Ball, location: 2F
1-2: Ball
2-2: Strikes out swinging
Batting: RHB Chris Simmons 0-0: Foul Ball, location: 2F
0-1: Ball
1-1: Called Strike
1-2: Strikes out swinging
Batting: LHB Jay Fenderson 0-0: Called Strike
0-1: Ball
1-1: Ball
2-1: Ground out 4-3 (Groundball, 4S, EV 83.8 MPH)
Bottom of the 8th over - 0 runs, 1 hit, 0 errors, 1 left on base; Hartford 8 - Peoria 0
TOP OF THE 9TH
Hartford Yard Goats batting - Pitching for Peoria Chiefs : RHP Eric Glad
Pitching: LHP Luis Herrera
Batting: SHB In-sung Lee 0-0: Called Strike
0-1: Fly out, F9 (Flyball, 9D, EV 102.5 MPH)
Batting: RHB Justin Williams 0-0: Ball
1-0: Foul Ball, location: 2F
1-1: Foul Ball, location: 2F
1-2: Ball
2-2: Ground out U3 (Groundball, 3, EV 88.1 MPH)
Batting: RHB Kian-tat Chen 0-0: Swinging Strike
0-1: Ball
1-1: Foul Ball, location: 2F
1-2: Strikes out looking
Top of the 9th over - 0 runs, 0 hits, 0 errors, 0 left on base; Hartford 8 - Peoria 0
BOTTOM OF THE 9TH
Peoria Chiefs batting - Pitching for Hartford Yard Goats : LHP Ryan Morlan
Batting: RHB Jorge Benites 0-0: Called Strike
0-1: Foul Ball, location: 2F
0-2: Strikes out looking
Pinch Hitting: RHB Perry Huse 0-0: Ball
1-0: Ball
2-0: Ball
3-0: Base on Balls
Pitching: RHP Travis Porter
Batting: RHB Dan Boykins 0-0: Foul Ball, location: 2F
0-1: Grounds into double play, 1-6-3 (Groundball, 23, EV 75.6 MPH)
Bottom of the 9th over - 0 runs, 0 hits, 0 errors, 0 left on base; Hartford 8 - Peoria 0
Thursday, March 31st , 2022 - OOTP Baseball 22.12 Build 89